Map: Ancient Cistern LE

Players

SueGhan

  • Race: Protoss Protoss
  • League: Diamond
  • Spawn Location: 7:00

DeadGame - Winner!

  • Race: Protoss Protoss
  • League: Diamond
  • Spawn Location: 1:00

VOD

Have the link to the VOD?

Description

Time

  • Played on: Aug. 28, 2023, 11:39 p.m.
  • Length: 8:14
Show
View Real Time Build Order
Export as new Build Order

SueGhan Protoss 

Build Orders: 1 Gate Expand, Oracle Opening 

Get SALT Encoding   

  12  0:02  Probe  
  13  0:14  Probe  
  13  0:18  Pylon  
  14  0:26  Probe (Chrono Boost)  
  15  0:38  Probe (Chrono Boost)  
  15  0:39  Gateway  
  16  0:43  Probe (Chrono Boost)  
  16  0:49  Assimilator  
  17  0:53  Probe  
  18  1:05  Probe  
  19  1:17  Probe  
  20  1:28  Nexus  
  20  1:38  Cybernetics Core  
  20  1:40  Probe  
  20  1:46  Assimilator  
  21  1:52  Probe  
  22  1:56  Pylon  
  22  2:05  Probe  
  23  2:17  Probe  
  23  2:20  Stargate  
  24  2:29  Probe  
  25  2:30  Shield Battery  
  25  2:41  Probe x2  
  27  2:47  Stalker (Chrono Boost)  
  27  2:48  Warp Gate  
  29  2:55  Probe (Chrono Boost)  
  29  2:57  Probe (Chrono Boost)  
  33  3:06  Probe (Chrono Boost)  
  33  3:07  Oracle (Chrono Boost)  
  33  3:08  Probe (Chrono Boost)  
  36  3:19  Probe  
  36  3:23  Probe  
  37  3:31  Twilight Council, Probe  
  38  3:35  Probe  
  38  3:38  Gateway  
  39  3:49  Probe x2  
  45  3:57  Void Ray  
  45  3:58  Pylon  
  45  4:08  Probe  
  46  4:11  Assimilator  
  46  4:16  Probe  
  47  4:24  Probe  
  47  4:28  Probe  
  47  4:29  Nexus  
  49  4:32  Pylon  
  49  4:39  Probe  
  49  4:40  Probe  
  49  4:43  Blink (Chrono Boost)  
  49  4:44  Forge  
  51  4:51  Probe  
  52  4:53  Robotics Facility  
  52  4:56  Shield Battery  
  52  4:58  Probe  
  53  5:03  Probe  
  53  5:05  Stalker, Pylon  
  56  5:11  Probe  
  57  5:15  Probe  
  58  5:23  Probe  
  58  5:24  Stalker  
  58  5:27  Probe  
  62  5:31  Gateway  
  62  5:33  Gateway  
  62  5:35  Probe  
  63  5:38  Pylon  
  63  5:39  Protoss Ground Weapons Level 1, Probe  
  63  5:42  Observer  
  65  5:47  Probe  
  66  5:50  Probe  
  66  5:51  Probe  
  66  5:56  Pylon  
  68  5:59  Probe  
  68  6:01  Photon Cannon  
  68  6:02  Probe  
  68  6:04  Stalker x2  
  75  6:18  Probe  
  75  6:25  Stalker  
  77  6:29  Probe x2  
  77  6:32  Photon Cannon  
  79  6:34  Shield Battery, Stalker  
  79  6:35  Stalker x2, Photon Cannon  
  85  6:44  Pylon  
  79  6:55  Zealot  
  81  7:05  Zealot x2  
  78  7:20  Stalker  
  72  7:23  Stalker  
  72  7:28  Observer, Pylon  
  75  7:30  Pylon  
  75  7:34  Shield Battery  
  75  7:36  Pylon  
  77  7:43  Stalker x3  
  73  8:03  Zealot  
  69  8:13  Zealot x2  
Show
View Real Time Build Order
Export as new Build Order

DeadGame Protoss - Winner!

Build Orders:  

Get SALT Encoding   

  12  0:00  Probe (Chrono Boost)  
  13  0:10  Probe (Chrono Boost)  
  14  0:17  Pylon  
  14  0:21  Probe  
  15  0:35  Probe  
  16  0:42  Gateway  
  16  0:44  Assimilator  
  16  0:47  Probe  
  17  0:59  Probe (Chrono Boost)  
  17  1:03  Assimilator  
  19  1:11  Probe (Chrono Boost)  
  19  1:17  Probe (Chrono Boost)  
  20  1:19  Gateway  
  20  1:28  Probe  
  20  1:31  Cybernetics Core  
  21  1:40  Probe  
  22  1:52  Nexus  
  22  2:00  Pylon  
  22  2:10  Warp Gate  
  23  2:18  Stalker x2  
  26  2:28  Shield Battery  
  26  2:29  Probe  
  27  2:40  Robotics Facility  
  27  2:42  Probe  
  28  2:46  Robotics Facility  
  28  2:55  Stalker  
  30  3:02  Probe (Chrono Boost)  
  30  3:03  Stalker  
  30  3:05  Probe (Chrono Boost)  
  35  3:13  Probe (Chrono Boost)  
  35  3:14  Probe (Chrono Boost)  
  35  3:18  Probe (Chrono Boost)  
  35  3:19  Probe (Chrono Boost)  
  37  3:28  Probe  
  37  3:31  Probe  
  39  3:36  Gateway  
  39  3:38  Observer (Chrono Boost)  
  39  3:40  Probe  
  41  3:43  Probe  
  42  3:52  Probe  
  43  3:55  Probe  
  43  4:01  Warp Prism  
  46  4:03  Pylon  
  46  4:05  Pylon  
  46  4:13  Pylon  
  46  4:21  Probe  
  46  4:23  Probe  
  48  4:24  Stalker x2  
  52  4:33  Probe  
  52  4:35  Probe  
  54  4:39  Shield Battery  
  54  4:44  Stalker  
  54  4:45  Probe  
  58  4:57  Probe  
  58  4:58  Gateway  
  60  5:00  Gateway  
  60  5:03  Gateway  
  60  5:07  Gateway  
  60  5:08  Pylon  
  60  5:11  Sentry x3  
  60  5:14  Immortal (Chrono Boost)  
  68  5:33  Gateway  
  68  5:37  Nexus, Pylon  
  68  5:38  Gateway  
  68  5:41  Pylon  
  68  5:59  Stalker x4  
  76  6:19  Zealot x2  
  76  6:20  Zealot  
  76  6:22  Pylon  
  76  6:25  Pylon  
  82  6:27  Pylon  
  82  6:29  Zealot x2  
  82  6:30  Zealot x2  
  90  6:33  Stalker  
  90  6:36  Stalker  
  94  6:42  Stalker  
  94  6:44  Stalker  
  69  7:21  Stalker x5  
  69  7:22  Stalker x3  
  63  8:04  Stalker x5  
  65  8:05  Zealot x3  
  65  8:06  Zealot  
Tags
 
Add a new tag
Caveats
  • Supply blocks, unpowered buildings, or Contaminate may cause inaccurate times.
  • Supply counts are checked every 10 seconds.